 Dungeon Crawl Stone Soup version 0.30-a0-568-g124715a40b (webtiles) character file.

Game seed: 676149407154657500

6766 Jackthecabe the Zephyrmancer (level 11, -3/64 HPs)
             Began as a Tengu Air Elementalist on Dec 29, 2022.
             Was an Elder of Vehumet.
             Slain by a komodo dragon (18 damage)
             ... on level 10 of the Dungeon.
             The game lasted 00:23:59 (14028 turns).

Jackthecabe the Zephyrmancer (TeAE)                Turns: 14028, Time: 00:23:59

Health: -3/64      AC:  2    Str:  9    XL:     11   Next: 4%
Magic:  19/22      EV: 15    Int: 19    God:    Vehumet [****..]
Gold:   251        SH:  0    Dex: 18    Spells: 5/24 levels left

rFire   . . .      SeeInvis .    H - +10 scimitar of Ashenzari's Regard {heavy, rPois Will+ Dex+3}
rCold   . . .      Faith    .    (no shield)
rNeg    . . .      Spirit   .    a - +0 robe
rPois   +          Reflect  .    (helmet restricted)
rElec   .          Harm     .    C - scarf {+Inv}
rCorr   .          Rampage  .    L - +0 pair of gloves
Will    +....                    (boots unavailable)
Stlth   ++                       d - amulet of regeneration
HPRegen 1.10/turn                (no ring)
MPRegen 0.18/turn                (no ring)

@: flying quickly and evasively, quick
A: beak, talons 3, nimble flight, deformed body
a: Renounce Religion, Evoke Invisibility


You were on level 10 of the Dungeon.
You worshipped Vehumet.
Vehumet was greatly pleased with you.
You visited 1 branch of the dungeon, and saw 10 of its levels.
You also visited: Sewer.

You collected 779 gold pieces.
You spent 528 gold pieces at shops.


Innate Abilities, Weirdness & Mutations

You have a beak for a mouth.
You have claws for feet.
Your magical nature lets you fly swiftly and evasively.
Armour fits poorly on your strangely shaped body.


   Skills:
 - Level 6.0 Fighting
 - Level 2.1 Dodging
 - Level 2.0 Stealth
 - Level 7.0 Spellcasting
 - Level 8.0 Conjurations
 - Level 6.0 Hexes
 - Level 10.0 Air Magic
 + Level 5.8 Poison Magic


You had 5 spell levels left.
You knew the following spells:

 Your Spells              Type           Power      Damage    Failure   Level
a - Airstrike             Air            22%        2d(4-20)  1%          4
i - Swiftness             Air            44%        N/A       1%          3
o - Olgreb's Toxic Radia  Pois           28%        N/A       2%          4
t - Static Discharge      Conj/Air       80%        2-6/arc   1%          2
z - Shock                 Conj/Air       100%       1d9       1%          1
X - Yara's Violent Unrav  Hex/Tmut       9%         3d6       21%         5

Your spell library contained the following spells:

 Spells                   Type           Power      Damage    Failure   Level
 Slow                     Hex            100%       N/A       1%          1
 Cigotuvi's Dreadful Rot  Necr/Pois/Air  52%        N/A       1%          2
 Poisonous Vapours        Pois/Air       72%        N/A       1%          2
 Mephitic Cloud           Conj/Pois/Air  36%        N/A       1%          3
 Confusing Touch          Hex            29%        N/A       2%          3
 Inner Flame              Hex/Fire       18%        N/A       2%          3
 Cause Fear               Hex            14%        N/A       9%          4
 Summon Lightning Spire   Summ/Air       25%        N/A       13%         4
 Vampiric Draining        Necr           6%         2d6       30%         3
 Maxwell's Capacitive Co  Air            22%        ∞         92%         8
 Storm Form               Tmut/Air       12%        N/A       100%        7
 Discord                  Hex            14%        N/A       100%        8

Inventory:

Hand Weapons
 G - a +2 demon blade of venom
 H - the +10 scimitar of Ashenzari's Regard (weapon) {heavy, rPois Will+ Dex+3}
   (You found it on level 8 of the Dungeon)

   It deals dramatically more damage, but attacks with it are much slower.
   Dex:       It affects your dexterity (+3).
   rPois:     It protects you from poison.
   Will:      It increases your willpower.
Missiles
 t - a throwing net {=f}
 y - a curare-tipped dart {=f}
Armour
 a - a +0 robe (worn)
 C - a scarf of invisibility (worn)
 L - a +0 pair of gloves (worn)
Magical Staves
 u - a staff of earth {!a}
 J - a staff of conjuration {!a}
Jewellery
 d - an amulet of regeneration (around neck)
 f - an amulet of guardian spirit
 F - a ring of fire
 N - a ring of positive energy
Wands
 m - a wand of digging (6)
 B - a wand of charming (7)
 E - a wand of flame (26)
 K - a wand of iceblast (2)
 M - a wand of quicksilver (6)
Scrolls
 e - 2 scrolls of enchant armour {unknown}
 g - 2 scrolls of vulnerability {unknown}
 i - a scroll of immolation {unknown}
 j - 2 scrolls of magic mapping {unknown}
 k - 4 scrolls of blinking {unknown}
 l - 3 scrolls of fear {unknown}
 s - 5 scrolls of identify {unknown}
 v - a scroll of poison {unknown}
 w - 2 scrolls of fog {unknown}
 x - 2 scrolls of teleportation {unknown}
 D - a scroll of enchant weapon {unknown}
Potions
 b - 2 potions of magic
 c - a potion of mutation {unknown}
 h - 9 potions of curing {unknown}
 n - 5 potions of cancellation {unknown}
 o - 2 potions of heal wounds {unknown}
 p - 2 potions of might {unknown}
 q - a potion of haste {unknown}
 r - 3 potions of flight {unknown}
 z - 2 potions of brilliance {unknown}
 A - a potion of ambrosia {unknown}
 I - a potion of berserk rage {unknown}

Dungeon Overview and Level Annotations

Branches:
Dungeon (10/15)            Temple (0/1) D:7            Lair (0/5) D:8
  Sewer (visited)
    Orc: D:9-12

Altars:
Ashenzari
Kikubaaqudgha
Okawaru
Ru
Sif Muna
Trog
Vehumet

Shops:
D:3 :   D:4 !   D:6 (   D:7 !

Annotations:
D:5 1 runed translucent door, arthad's ghost, novice GnRe
D:6 2 transporters, Taurus's ghost, novice MiFi
D:9 Erolcha

#.......<.#
#.........#
#.........#
#.......<.#
#....(....#
#.........+
#.........#
##'########
#...>@.#
######l#


YYY# .YY.# ...... #.....## #.....# #....(# You could see a komodo dragon
(poisoned) and 3 yaks.


Message History

You reach down and open the door.
Found a stone staircase leading down.
There is an open door here.
There is a stone staircase leading down here. 3 yaks and a komodo dragon come into view.
Found 8 stones.
The yak bellows! x3
A yak comes into view. x2
You barely miss the komodo dragon.
The yak bellows!
You claw the komodo dragon, but do no damage.
The komodo dragon completely misses you.
The komodo dragon misses you. The komodo dragon bites you.
Casting: Olgreb's Toxic Radiance (dangerous; 2% risk of failure)
Confirm with . or Enter, or press ? or * to list all spells.
You begin to radiate toxic energy.
The yak is poisoned. x5
The komodo dragon is poisoned.
The yak looks even sicker. x4
The komodo dragon looks even sicker.
The komodo dragon barely misses you.
You slash the komodo dragon!
The komodo dragon is heavily wounded.
The yak looks even sicker. x2
Your toxic aura wanes.
The komodo dragon bites you!! The komodo dragon misses you.
You hit the komodo dragon. You claw the komodo dragon.
The komodo dragon is severely wounded.
The komodo dragon bites you. The komodo dragon bites you!!
* * * LOW HITPOINT WARNING * * *
The komodo dragon bites you!!
You die...

Skill      XL: |  1  2  3  4  5  6  7  8  9 10 |
---------------+-------------------------------+-----
Conjurations   | 2 3 4 8 |  8.0
Air Magic      | 5 6 8 9 10 | 10.0
Spellcasting   | 3 4 5 7 |  7.0
Fighting       | 2 4 6 |  6.0
Hexes          | 2 6 |  6.0
Poison Magic   | 5 |  5.8
Dodging        | |  2.1
Stealth        | |  2.0

Action                   |  1- 3 |  4- 6 |  7- 9 | 10-12 || total
-------------------------+-------+-------+-------+-------++-------
Melee: Unarmed           |     9 |    12 |    11 |     5 ||    37
       Peck              |     3 |     2 |     2 |     2 ||     9
       Punch             |     1 |     1 |       |       ||     2
       Kick              |       |     4 |     1 |     4 ||     9
       Scimitar          |       |       |       |    16 ||    16
 Cast: Shock             |    61 |   184 |   200 |    86 ||   531
       Static Discharge  |     1 |    19 |     1 |     4 ||    25
       Airstrike         |       |     4 |    60 |    67 ||   131
       Olgreb's Toxic Ra |       |       |       |     9 ||     9
       Yara's Violent Un |       |       |       |     2 ||     2
  Use: Potion            |       |       |       |     1 ||     1
Armor: Robe              |     2 |     6 |    10 |     2 ||    20
Dodge: Dodged            |    11 |    44 |    84 |    37 ||   176

Levels and vault maps discovered:
D:1:      wander_arrival_lonely_grave, layout_loops_ring,
          chequers_serial_rivers_marsh
D:2:      layout_basic
D:3:      layout_loops_ring, amcnicky_altar_gilded, serial_shops, shop,
          cheibrodos_sewer_entry_bend
D:4:      minmay_goblin_kobold_castle, layout_basic,
          cheibrodos_ashenzari_chains, serial_shops, shop, minmay_goblin_outpost
D:5:      layout_rooms, mainiacjoe_overflow_brackets, trog_ov_bears_minmay,
          hellmonk_ghost_happy_afterlife, kb_lookout_dungeons_type
D:6:      layout_basic, mainiacjoe_overflow_concentric_impassable,
          gammafunk_ghost_smash, serial_shops,
          nicolae_shop_bloodbath_and_beyond, uniq_menkaure, uniq_maggie,
          uniq_sigmund
D:7:      layout_basic, minmay_temple_entry_mist, serial_shops,
          nicolae_shop_hallway_plus, lightli_minifort, uniq_duvessa, uniq_joseph
D:8:      layout_rooms, kennysheep_mini, general_overflow_altar,
          lair_entry_dummy
D:9:      nicolae_cairo_tiling, layout_basic, uniq_erolcha
D:10:     layout_roguey, enter_bailey_2, amcnicky_mini_pool_medium, uniq_fannar,
          uniq_amaemon

Notes
Turn   | Place    | Note
-------+----------+-------------------------------------------
     0 | D:1      | Jackthecabe the Tengu Air Elementalist began the quest for
                  | the Orb.
     0 | D:1      | Reached XP level 1. HP: 10/10 MP: 4/4
    85 | D:1      | HP: 1/10 [jackal (3)]
   144 | D:1      | Reached skill level 2 in Conjurations
   196 | D:1      | Reached XP level 2. HP: 15/15 MP: 3/6
   199 | D:1      | Learned a level 2 spell: Static Discharge
   946 | D:1      | Reached XP level 3. HP: 19/19 MP: 4/7
   950 | D:1      | Learned a level 3 spell: Swiftness
  1099 | D:2      | Reached skill level 3 in Conjurations
  1153 | D:2      | Reached skill level 5 in Air Magic
  1542 | D:2      | Reached XP level 4. HP: 23/24 MP: 4/8
  2585 | D:3      | Found a radiant altar of Vehumet.
  2614 | D:3      | Became a worshipper of Vehumet
  2716 | D:3      | Found Niuxziem's Book Shop.
  2900 | D:3      | Found a glowing drain.
  2910 | Sewer    | Entered a sewer
  3112 | Sewer    | Reached skill level 4 in Conjurations
  3112 | Sewer    | Gained mutation: Your magical nature lets you fly swiftly
                  | and evasively. [Tengu growth]
  3112 | Sewer    | Reached XP level 5. HP: 28/28 MP: 4/9
  3411 | Sewer    | Reached * piety under Vehumet
  3411 | Sewer    | Offered knowledge of Sandblast by Vehumet.
  3491 | Sewer    | Reached skill level 3 in Spellcasting
  3491 | Sewer    | Reached skill level 6 in Air Magic
  3910 | Sewer    | Reached XP level 6. HP: 32/32 MP: 6/11
  3955 | Sewer    | Offered knowledge of Momentum Strike by Vehumet.
  3955 | Sewer    | Reached ** piety under Vehumet
  4140 | D:3      | Reached skill level 7 in Air Magic
  4140 | D:3      | HP: 2/32 [worm (11)]
  4227 | D:3      | Learned a level 4 spell: Airstrike
  5067 | D:4      | Found a broken altar of Ashenzari.
  5075 | D:4      | Noticed an ice beast
  5080 | D:4      | Killed an ice beast
  5081 | D:4      | Reached skill level 8 in Air Magic
  5281 | D:4      | Found Yjemunwa's Distillery.
  5429 | D:4      | Reached skill level 2 in Fighting
  5429 | D:4      | Reached XP level 7. HP: 40/40 MP: 3/12
  5541 | D:4      | Offered knowledge of Stone Arrow by Vehumet.
  5919 | D:4      | Reached skill level 3 in Fighting
  6096 | D:4      | Reached *** piety under Vehumet
  6122 | D:4      | Reached skill level 4 in Fighting
  6268 | D:4      | Offered knowledge of Iskenderun's Mystic Blast by Vehumet.
  6599 | D:4      | Reached **** piety under Vehumet
  6623 | D:4      | Offered knowledge of Yara's Violent Unravelling by Vehumet.
  6775 | D:5      | Entered Level 5 of the Dungeon
  6797 | D:5      | Reached skill level 9 in Air Magic
  6895 | D:5      | Found a bloodstained altar of Trog.
  6900 | D:5      | Reached XP level 8. HP: 48/48 MP: 8/14
  7111 | D:5      | Reached skill level 4 in Spellcasting
  7143 | D:5      | Found a sacrificial altar of Ru.
  7174 | D:5      | Noticed arthad's ghost (novice GnRe)
  7179 | D:5      | Found a runed translucent door.
  7294 | D:5      | Reached skill level 10 in Air Magic
  7301 | D:5      | Learned a level 5 spell: Yara's Violent Unravelling
  7835 | D:6      | Noticed a shadow
  7845 | D:5      | Killed a shadow
  7846 | D:5      | Reached skill level 5 in Fighting
  7933 | D:6      | Reached skill level 6 in Fighting
  8204 | D:6      | Noticed Maggie
  8217 | D:6      | Found a shimmering blue altar of Sif Muna.
  8238 | D:4      | Reached skill level 1 in Hexes
  8335 | D:6      | Noticed Menkaure
  8337 | D:6      | Killed Menkaure
  8338 | D:6      | Reached skill level 2 in Hexes
  8338 | D:6      | Reached XP level 9. HP: 30/55 MP: 7/16
  8435 | D:6      | Found Umaiqixko's Weapon Shoppe.
  8512 | D:6      | Found a transporter.
  8513 | D:6      | Noticed Taurus's ghost (novice MiFi)
  8515 | D:6      | Found a transporter.
  8515 | D:6      | Noticed a two-headed ogre
  8650 | D:6      | Reached skill level 3 in Hexes
  8735 | D:6      | Noticed Sigmund
  8737 | D:6      | Killed Sigmund
  8876 | D:7      | Reached skill level 4 in Hexes
  8937 | D:7      | Found a staircase to the Ecumenical Temple.
  9177 | D:7      | Reached skill level 5 in Hexes
  9326 | D:7      | Noticed Joseph
  9378 | D:7      | Killed Joseph
  9560 | D:7      | Reached skill level 6 in Hexes
  9647 | D:7      | Found Fawnon's Distillery.
  9756 | D:7      | Reached skill level 5 in Spellcasting
  9758 | D:7      | Reached ***** piety under Vehumet
  9758 | D:7      | Offered knowledge of Olgreb's Toxic Radiance by Vehumet.
  9909 | D:7      | Reached XP level 10. HP: 60/60 MP: 10/19
  9968 | D:7      | Reached skill level 6 in Spellcasting
 10337 | D:7      | Reached skill level 5 in Conjurations
 10353 | D:7      | Noticed Duvessa
 10354 | D:7      | Noticed Dowan
 10376 | D:7      | Killed Duvessa
 10415 | D:7      | Killed Dowan
 10691 | D:6      | Gained mutation: Armour fits poorly on your strangely
                  | shaped body. [you]
 10940 | D:3      | Bought a book of the Sky for 528 gold pieces
 10945 | D:3      | Learned a level 4 spell: Olgreb's Toxic Radiance
 11126 | D:6      | Killed Maggie
 11127 | D:6      | Reached skill level 1 in Poison Magic
 11221 | D:8      | Reached skill level 6 in Conjurations
 11529 | D:8      | Reached skill level 2 in Poison Magic
 11722 | D:8      | Identified the +2 ring mail "Ceuzoscho Gua" {rCorr Str+9}
 11785 | D:8      | Identified the +10 scimitar of Ashenzari's Regard {heavy,
                  | rPois Will+ Dex+3}
 11813 | D:8      | Found an iron altar of Okawaru.
 11823 | D:8      | Found an ancient bone altar of Kikubaaqudgha.
 11931 | D:8      | Found a staircase to the Lair.
 12318 | D:9      | Reached skill level 7 in Conjurations
 12331 | D:9      | Reached skill level 3 in Poison Magic
 12693 | D:9      | Reached skill level 7 in Spellcasting
 13254 | D:9      | Noticed Erolcha
 13310 | D:9      | Reached skill level 4 in Poison Magic
 13315 | D:9      | Reached skill level 8 in Conjurations
 13733 | D:9      | Noticed a two-headed ogre
 13771 | D:9      | Killed a two-headed ogre
 13772 | D:9      | Reached skill level 5 in Poison Magic
 13772 | D:9      | Reached XP level 11. HP: 60/64 MP: 5/22
 14004 | D:10     | Entered Level 10 of the Dungeon
 14028 | D:10     | Slain by a komodo dragon

Vanquished Creatures
  A two-headed ogre (D:9)
  Joseph (D:7)
  Maggie (D:6)
  A troll (D:7)
  A hornet (D:9)
  Sigmund (D:6)
  A shadow (D:5)
  3 yaks (D:9)
  Menkaure (D:6)
  2 water moccasins
  Duvessa (D:7)
  2 black bears
  4 orc warriors
  2 ice beasts
  2 sky beasts
  2 centaurs
  An ogre (D:4)
  2 kobold brigands
  4 bullfrogs
  A scorpion (D:7)
  16 wights
  Dowan (D:7)
  3 electric eels (D:7)
  9 howler monkeys
  4 orc priests
  2 hounds (D:5)
  4 jellies
  2 iguanas (D:7)
  8 orc wizards
  11 gnolls (D:4)
  12 adders
  8 river rats (Sewer)
  2 white imps
  An ufetubus (D:4)
  5 worms
  29 orcs
  12 ball pythons
  3 bats
  10 endoplasms
  5 giant cockroaches
  9 hobgoblins
  6 jackals
  4 frilled lizards
  11 goblins
  62 kobolds
  29 rats
302 creatures vanquished.

Table legend: (Time is in decaauts)
 A = Elapsed time spent in this place.
 B = Non-inter-level travel time spent in this place.
 C = Inter-level travel time spent in this place.
 D = Time resting spent in this place.
 E = Time spent auto-exploring this place.
 F = Levels seen in this place.
 G = Mean time per level.
                   A        B        C        D        E       F      G
               +--------+--------+--------+--------+--------+-----+--------+
         Total |  13560 |  13086 |    474 |   1925 |   9049 |  11 | 1232.7 |
       Dungeon |  12365 |  11891 |    474 |   1756 |   8216 |  10 | 1236.5 |
         Sewer |   1194 |   1194 |      0 |    169 |    833 |   1 | 1194.0 |
               +--------+--------+--------+--------+--------+-----+--------+

Top non-repeatable levels by time:
     D:4: 2213 daAuts
     D:9: 1834 daAuts
     D:7: 1829 daAuts
     D:2: 1575 daAuts
     D:3: 1207 daAuts
   Sewer: 1194 daAuts
     D:5: 999 daAuts
     D:1: 988 daAuts
     D:6: 870 daAuts
     D:8: 820 daAuts
    D:10: 25 daAuts

Table legend:
 A = Non-vault XP
 B = Vault XP
 C = Vault XP percentage of total XP
 D = Non-vault monster count
 E = Vault monster count
 F = Vault count percentage of total count
                 A         B        C        D         E       F
            +---------+---------+-------+---------+---------+-------
      Total |    7161 |    2505 |  25.9 |     176 |     126 |  41.7
            +---------+---------+-------+---------+---------+-------
        D:1 |      34 |       0 |   0.0 |      21 |       0 |   0.0
        D:2 |      83 |       0 |   0.0 |      21 |       0 |   0.0
        D:3 |      27 |      14 |  34.1 |       9 |       3 |  25.0
        D:4 |     395 |     407 |  50.7 |      25 |      60 |  70.6
        D:5 |     727 |     251 |  25.7 |      17 |       2 |  10.5
        D:6 |     356 |     787 |  68.9 |      10 |       3 |  23.1
        D:7 |    1707 |     849 |  33.2 |      30 |       7 |  18.9
        D:8 |    1016 |       0 |   0.0 |      15 |       0 |   0.0
        D:9 |    2816 |       0 |   0.0 |      28 |       0 |   0.0
      Sewer |       0 |     197 | 100.0 |       0 |      51 | 100.0
            +---------+---------+-------+---------+---------+-------
